 Dungeon Crawl Stone Soup version 0.26.1-11-gd32895ea62 (webtiles) character file.

Game seed: 9080817988486448241

1941 tizbic2 the Carver (level 9, -2/51 HPs)
             Began as a Tengu Gladiator on June 26, 2021.
             Was a Believer of Wu Jian.
             Slain by a white imp (3 damage)
             ... on level 6 of the Dungeon.
             The game lasted 00:33:26 (5124 turns).

tizbic2 the Carver (Tengu Gladiator)                Turns: 5124, Time: 00:33:29

Health: -2/51      AC:  6    Str: 15    XL:     9   Next: 18%
Magic:  10/10      EV: 17    Int:  8    God:    Wu Jian [**....]
Gold:   259        SH:  0    Dex: 19    Spells: 8/8 levels left

rFire    . . .     SeeInvis .   a - +0 long sword
rCold    . . .     Faith    .   (no shield)
rNeg     . . .     Spirit   .   r - +0 ring mail
rPois    +         Reflect  .   c - +0 hat
rElec    .         Harm     .   (no cloak)
rCorr    .         Rampage  .   g - +0 pair of gloves
Will     .....                  (boots unavailable)
Stlth    +.........             (no amulet)
HPRegen  0.17/turn              t - ring of poison resistance
MPRegen  0.12/turn              (no ring)

@: flying quickly and evasively, hasted, very quick
A: beak, talons 3, able to fly
a: Stop Flying, Renounce Religion, Wall Jump


You were on level 6 of the Dungeon.
You worshipped Wu Jian.
Wu Jian was pleased with you.
You visited 2 branches of the dungeon, and saw 7 of its levels.
You also visited: Sewer.

You collected 259 gold pieces.

Inventory:

Hand Weapons
 a - a +0 long sword (weapon)
 e - a +0 hand crossbow
 k - a +1 dagger of venom
Missiles
 d - 2 throwing nets
 f - 165 stones (quivered)
 i - 106 bolts
Armour
 c - a +0 hat (worn)
 g - a +0 pair of gloves (worn)
 r - a +0 ring mail (worn)
Jewellery
 t - a ring of poison resistance (left hand)
 v - an uncursed ring of magical power
Wands
 w - a wand of digging (4)
Scrolls
 h - 3 scrolls of teleportation
 j - 2 scrolls of remove curse
 n - 2 scrolls of fear
 o - 7 scrolls of identify
 p - a scroll of immolation {unknown}
 x - 2 scrolls of magic mapping
Potions
 l - a potion of invisibility {unknown}
 m - a potion of brilliance {unknown}
 q - a potion of degeneration
 s - a potion of magic {unknown}
 u - a potion of attraction {unknown}


   Skills:
 - Level 3.3 Fighting
 + Level 1.4(7.2) Short Blades
 * Level 11.0(11.1) Long Blades
 - Level 1.0 Bows
 - Level 0.1 Crossbows
 + Level 2.8 Throwing
 - Level 3.2 Armour
 + Level 5.1 Dodging
 - Level 0.2 Stealth


You had 8 spell levels left.
You didn't know any spells.
Your spell library contained the following spells:

 Spells                   Type           Power        Failure   Level
 Confusing Touch          Hex            0%           94%         3
 Gell's Gravitas          Tloc           0%           94%         3
 Petrify                  Tmut/Erth      0%           100%        4
 Metabolic Englaciation   Hex/Ice        0%           100%        5
 Yara's Violent Unravell  Hex/Tmut       0%           100%        5


Dungeon Overview and Level Annotations

Branches:
Dungeon (6/15)             Temple (1/1) D:4           Sewer (visited)

Altars:
Ashenzari
Cheibriados
Dithmenos
Fedhas
Gozag
Hepliaklqana
Kikubaaqudgha
Makhleb
Okawaru
Qazlal
Sif Muna
Uskayaw
Wu Jian
Xom
Yredelemnul
Zin
The Shining One

Annotations:
D:6 Edmund


Innate Abilities, Weirdness & Mutations

You have a beak for a mouth.
You have claws for feet.
You can fly continuously.


Message History

You kill the leopard gecko!
The Council accepts your kill.
You spin and attack the centaur.
You hit the centaur.
You kill the centaur!
The Council accepts your kill.
Your Long Blades skill increases to level 11!
It was a potion of haste.
You feel yourself speed up. Edmund closely misses you.
You spin and attack the white imp.
You hit the white imp. You peck the white imp.
The white imp is lightly wounded.
The white imp gestures at you. The puff of frost misses you.
You spin and attack the white imp.
You hit the white imp. Your kick misses the white imp.
The white imp is severely wounded.
The white imp hits you.
* * * LOW HITPOINT WARNING * * *
The white imp freezes you.
You die...

###>....#..#
##.......##.#####
........##....#.##
........###......#
.................##
..†...........#)..## ##
.............###@..#..#
......#.......##5.....##
#...(.<....(####@.......#
#............(....####...
###(...............# .#
.<.............(....... .
.#................#####
#..(...............
#.........#####.##..#
#........## #.# ...# ....
... ...#


You could see Edmund and a white imp.

Vanquished Creatures
  Prince Ribbit (D:5)
  Eustachio (D:5)
  A water moccasin (Sewer)
  An orc warrior (D:5)
  A sky beast (D:5)
  A phantom (D:5)
  An ice beast (D:5)
  2 ogres (D:4)
  3 centaurs
  A bullfrog (D:6)
  A howler monkey (D:5)
  A centaur zombie (D:5)
  A hound (D:5)
  2 orc priests
  An iguana (D:4)
  5 worker ants
  4 orc wizards (D:5)
  A howler monkey zombie (D:5)
  6 gnolls
  5 adders
  A howler monkey skeleton (D:4)
  2 shadow imps
  A white imp (D:5)
  An ooze (D:1)
  2 worms
  4 leopard geckos
  16 orcs
  A ball python (D:4)
  7 giant cockroaches
  8 goblins
  A hobgoblin (D:1)
  8 jackals
  2 quokkas
  7 bats
  4 frilled lizards
  8 kobolds
  A leopard gecko skeleton (D:4)
  4 rats
118 creatures vanquished.

Vanquished Creatures (others)
  2 plants (D:2)
2 creatures vanquished.

Grand Total: 120 creatures vanquished

Notes
Turn   | Place    | Note
-------+----------+-------------------------------------------
     0 | D:1      | tizbic2 the Tengu Gladiator began the quest for the Orb.
     0 | D:1      | Reached XP level 1. HP: 12/12 MP: 2/2
   206 | D:1      | Reached XP level 2. HP: 11/17 MP: 3/3
   958 | D:2      | Reached XP level 3. HP: 17/22 MP: 4/4
   972 | D:2      | Found an iron altar of Okawaru.
  1006 | D:2      | Reached skill level 1 in Short Blades
  1104 | D:2      | Reached skill level 4 in Long Blades
  1104 | D:2      | Reached XP level 4. HP: 18/27 MP: 5/5
  1466 | D:3      | Reached skill level 1 in Armour
  1609 | D:3      | Noticed a centaur
  1620 | D:3      | Killed a centaur
  1621 | D:3      | Gained mutation: You can fly continuously. [Tengu growth]
  1621 | D:3      | Reached XP level 5. HP: 27/31 MP: 6/6
  1936 | D:3      | Found a glowing drain.
  2084 | Sewer    | Entered a sewer
  2157 | Sewer    | Noticed a water moccasin
  2172 | Sewer    | Killed a water moccasin
  2173 | Sewer    | Reached skill level 5 in Long Blades
  2173 | Sewer    | Reached XP level 6. HP: 15/36 MP: 7/7
  2542 | D:4      | Noticed an ice beast
  2604 | D:4      | Found a staircase to the Ecumenical Temple.
  2639 | Temple   | Entered the Ecumenical Temple
  2701 | Temple   | Became a worshipper of the Wu Jian Council
  2840 | D:4      | Reached skill level 1 in Bows
  2840 | D:4      | Reached XP level 7. HP: 26/41 MP: 8/8
  2894 | D:4      | Reached skill level 6 in Long Blades
  3418 | D:4      | Found a hazy altar of Hepliaklqana.
  3652 | D:5      | Entered Level 5 of the Dungeon
  3687 | D:5      | Reached skill level 7 in Long Blades
  3746 | D:5      | Reached * piety under Wu Jian
  3807 | D:5      | Found a broken altar of Ashenzari.
  3827 | D:5      | Noticed Prince Ribbit
  3877 | D:5      | Reached XP level 8. HP: 41/46 MP: 9/9
  4300 | D:5      | Noticed Eustachio
  4321 | D:5      | Reached skill level 8 in Long Blades
  4348 | D:5      | Killed Eustachio
  4449 | D:5      | Killed Prince Ribbit
  4450 | D:5      | Reached skill level 9 in Long Blades
  4463 | D:5      | Found an ancient bone altar of Kikubaaqudgha.
  4644 | D:5      | Reached skill level 10 in Long Blades
  4644 | D:5      | Reached skill level 5 in Dodging
  4997 | D:6      | Found an opulent altar of Gozag.
  5008 | D:6      | Reached XP level 9. HP: 45/51 MP: 10/10
  5093 | D:5      | Reached ** piety under Wu Jian
  5105 | D:6      | Noticed Edmund
  5121 | D:6      | Reached skill level 11 in Long Blades
  5124 | D:6      | HP: 1/51 [white imp (3)]
  5124 | D:6      | Slain by a white imp

Illustrated notes

Levels and vault maps discovered:
D:1:      tarquinn_simple_flora_water_e, layout_basic
D:2:      layout_basic, old_standard_altar, serial_bayou_lagoon_a
D:3:      layout_basic, gup_sewer_entry_glass
D:4:      layout_basic, nzn_hepliaklqana_mist_gate,
          minmay_temple_entry_water_ring, supply_closet_lemuel
D:5:      layout_rooms, kiku_gazebo_pond_becter, evilmike_ruin_ashenzari,
          uniq_prince_ribbit1, uniq_eustachio
D:6:      layout_cave_pools, grunt_gozag_breadcrumbs,
          gammafunk_ghost_gnarly_gnolls, minmay_misc_feat_plants,
          grunt_ministairs_6, uniq_edmund
Temple:   minmay_temple_bridge_abc

Skill      XL: |  1  2  3  4  5  6  7  8  9 |
---------------+----------------------------+-----
Short Blades   | 1 |  1.4
Long Blades    | 4 5 7 10 11 | 11.0
Armour         | 2 3 |  3.2
Fighting       | 3 |  3.3
Bows           | 1 |  1.0
Dodging        | 4 5 |  5.1
Crossbows      | |  0.1
Throwing       | |  2.8
Stealth        | |  0.2

Action                   |  1- 3 |  4- 6 |  7- 9 || total
-------------------------+-------+-------+-------++-------
Melee: Long sword        |    18 |    79 |   210 ||   307
       Kick              |    15 |    27 |    85 ||   127
       Peck              |     7 |    19 |    51 ||    77
       Dagger            |    23 |       |       ||    23
 Fire: Shortbow          |       |     4 |       ||     4
       Hand crossbow     |       |     3 |     7 ||    10
Throw: Throwing net      |     2 |       |       ||     2
       Stone             |    22 |     2 |       ||    24
Invok: Lunge             |       |     3 |    20 ||    23
       Whirlwind         |       |       |    53 ||    53
 Abil: Fly               |       |     2 |       ||     2
       Stop Flying       |       |     1 |       ||     1
  Use: Scroll            |       |     6 |     3 ||     9
       Potion            |       |     4 |     6 ||    10
 Stab: Sleeping          |     1 |       |       ||     1
Armor: Leather armour    |     3 |       |       ||     3
       Ring mail         |    11 |    32 |    40 ||    83
Dodge: Dodged            |    31 |    72 |   143 ||   246
       Rpst.: Long sword |     4 |    37 |    40 ||    81
